 Dungeon Crawl Stone Soup version 0.23.2-40-g277498a001 (webtiles) character file.

Game seed: 13659833662197516580

55083 wajtan the Severer (level 14, -5/130 HPs)
             Began as a Minotaur Fighter on Aug 13, 2019.
             Was the Champion of the Shining One.
             Slain by a redback (12 damage)
             ... on level 3 of the Spider Nest.
             The game lasted 02:07:19 (17044 turns).

wajtan the Severer (Minotaur Fighter)              Turns: 17044, Time: 02:07:20

Health: -5/130     AC: 10    Str: 25    XL:     14   Next: 37%
Magic:  13/13      EV: 12    Int:  5    God:    the Shining One [******]
Gold:   1040       SH: 13    Dex: 11    Spells: 13/13 levels left

rFire    . . .     SeeInvis .   J - +9 hand axe (holy)
rCold    + . .     Gourm    .   c - +0 shield
rNeg     + + +     Faith    .   u - +3 plate armour
rPois    .         Spirit   .   O - +0 hat
rElec    .         Reflect  .   m - +0 cloak
rCorr    .         Harm     .   (no gloves)
MR       ++...     Clarity  +   o - +0 pair of boots
Stlth    ..........             q - amulet of regeneration
HPRegen  1.11/turn              Y - +4 ring of evasion
MPRegen  0.13/turn              K - ring of Dawobbig {rC+ rN+ MR+ Str+2}

@: about to teleport, corroded, glowing
A: retaliatory headbutt, fangs 1, horns 2, clarity, regeneration 1, weak 1
a: Divine Shield, Cleansing Flame, Summon Divine Warrior, Renounce Religion


You were on level 3 of the Spider Nest.
You worshipped the Shining One.
The Shining One was exalted by your worship.
You were near starving.

You visited 5 branches of the dungeon, and saw 19 of its levels.
You also visited: Ossuary.

You collected 1653 gold pieces.
You spent 613 gold pieces at shops.

Inventory:

Hand Weapons
 b - the +4 broad axe of Wealth {protect, rC+}
   (You found it on level 8 of the Dungeon)

   It protects the one who uses it against injury (+AC on strike).
   It protects you from cold.
 J - a +9 hand axe of holy wrath (weapon)
 N - a +3 scimitar of flaming
 P - a +4 bardiche of freezing
 S - a +3 mace
 T - the +10 fustibalus "Quwotopn" {venom, rElec, unknown}
   (You found it on level 10 of the Dungeon)

   It poisons the ammo it fires.
   It insulates you from electricity.
Armour
 c - a +0 shield (worn)
 m - a +0 cloak (worn)
 o - a +0 pair of boots (worn)
 u - a +3 plate armour (worn)
 O - a +0 hat (worn)
 R - a +1 plate armour of cold resistance
Jewellery
 h - an uncursed ring of resist corrosion
 p - an uncursed amulet of guardian spirit
 q - an amulet of regeneration (around neck)
 K - the ring of Dawobbig (right hand) {rC+ rN+ MR+ Str+2}
   (You bought it in a shop on level 2 of the Orcish Mines)

   [ring of positive energy]

   It affects your strength (+2).
   It protects you from cold.
   It protects you from negative energy.
   It affects your resistance to hostile enchantments.
 M - an uncursed ring of fire
 Y - a +4 ring of evasion (left hand)
Wands
 a - a wand of acid (7)
 y - a wand of polymorph (6)
 F - a wand of iceblast (7)
 Q - a wand of enslavement (14)
Scrolls
 e - 7 scrolls of blinking
 g - 5 scrolls of amnesia
 i - 4 scrolls of teleportation
 k - a scroll of immolation
 l - 8 scrolls of magic mapping
 n - 4 scrolls of fog
 r - 5 scrolls of fear
 t - 7 scrolls of remove curse
 D - a scroll of brand weapon {unknown}
 G - a scroll of holy word {unknown}
 L - 3 scrolls of enchant armour {unknown}
 U - 2 scrolls of summoning {unknown}
Potions
 d - a potion of might (quivered)
 j - 7 potions of flight
 x - 11 potions of curing
 z - 3 potions of lignification
 B - 3 potions of cancellation
 E - 2 potions of brilliance {unknown}
 I - a potion of ambrosia {unknown}
 V - a potion of agility
 X - a potion of resistance {unknown}
Miscellaneous
 H - a fan of gales
Comestibles
 f - 29 rations


   Skills:
 + Level 13.9 Fighting
 + Level 18.1 Axes
 + Level 13.4 Armour
 - Level 1.1 Dodging
 - Level 0.1 Stealth
 + Level 13.7 Shields


You had 13 spell levels left.
You didn't know any spells.
Your spell library contained the following spells:

 Spells                   Type           Power        Failure   Level  Hunger
 Animate Skeleton         Necr           N/A          99%         1    ##.....
 Apportation              Tloc           #.....       99%         1    ##.....
 Confusing Touch          Hex            #.....       99%         1    ##.....
 Flame Tongue             Conj/Fire      #....        99%         1    ##.....
 Magic Dart               Conj           #...         99%         1    ##.....
 Summon Small Mammal      Summ           #...         99%         1    ##.....
 Searing Ray              Conj           #.....       100%        2    ###....
 Throw Flame              Conj/Fire      #.....       100%        2    ###....
 Confuse                  Hex            #.......     100%        3    ####...
 Conjure Flame            Conj/Fire      #.......     100%        3    ####...
 Dazzling Spray           Conj/Hex       #.....       100%        3    ####...
 Gell's Gravitas          Tloc           #.........   100%        3    ####...
 Inner Flame              Hex/Fire       #.......     100%        3    ####...
 Cause Fear               Hex            #.........   100%        4    #####..
 Force Lance              Conj/Tloc      #.......     100%        4    #####..
 Fulminant Prism          Conj/Hex       #.........   100%        4    #####..
 Iskenderun's Mystic Bla  Conj           #.......     100%        4    #####..
 Petrify                  Tmut/Erth      #.......     100%        4    #####..
 Sticky Flame             Conj/Fire      #.......     100%        4    #####..
 Fireball                 Conj/Fire      #.........   100%        5    ######.
 Irradiate                Conj/Tmut      #.........   100%        5    ######.
 Metabolic Englaciation   Hex/Ice        #.........   100%        5    ######.
 Silence                  Hex/Air        #.........   100%        5    ######.
 Yara's Violent Unravell  Hex/Tmut       #.........   100%        5    ######.
 Deflect Missiles         Chrm/Air       #.........   100%        6    #######
 Hydra Form               Tmut           #.........   100%        6    #######
 Statue Form              Tmut/Erth      #........    100%        6    #######
 Dragon Form              Tmut           #.........   100%        7    #######
 Discord                  Hex            #.........   100%        8    #######


Dungeon Overview and Level Annotations

Branches:
Dungeon (11/15)            Temple (0/1) D:6            Lair (2/6) D:11
 Spider (3/4) Lair:2          Orc (2/2) D:9             Elf (1/3) Orc:2
  Swamp: Lair:2-4    Shoals: Lair:2-4

Altars:
Cheibriados
Fedhas
Makhleb
Qazlal
Trog
Yredelemnul
Zin
The Shining One
Beogh

Shops:
D:5 =   D:10 %   Orc:1 [   Orc:2 ==*(


Innate Abilities, Weirdness & Mutations

You reflexively headbutt those who attack you in melee.
You have a pair of horns on your head.
You have very sharp teeth.
You possess an exceptional clarity of mind.
Your natural rate of healing is unusually fast.
You are weak. (Str -2)


Message History

You block the demonic crawler's attack. You block the wolf spider's attack.
The wolf spider barely misses you. The redback completely misses you.
The jumping spider leaps!
The demonic crawler hits you.
* * * LOW HITPOINT WARNING * * *
You block the demonic crawler's attack. The demonic crawler barely misses you.
* * * LOW HITPOINT WARNING * * *
You feel very sick.
The wolf spider hits you but does no damage.
The wolf spider bites you!
* * * LOW HITPOINT WARNING * * *
You are more poisoned.
The wolf spider poisons you!
The jumping spider leaps!
The wolf spider hits you!
* * * LOW HITPOINT WARNING * * *
The wolf spider barely misses you.
You feel better. The redback bites you!
* * * LOW HITPOINT WARNING * * *
The jumping spider leaps!
You block the wolf spider's attack. The wolf spider misses you.
The redback bites you!
You die...

###### ##### ## ###
###..^..#
.....##^#####.######........
............[...##s.........
.......#........@sss=..○....
.................s#..s......
..............^...##........
#†....^...#.##.a......
##........##.##^..s..○.
#........###.##...°....
#......### #...##......
#.....## ..^. ......
##.......# ####


You could see a demonic crawler, a wolf spider, an orb spider, a jumping spider
and 2 redbacks.

Vanquished Creatures
  Gastronok (Lair:1)
  An emperor scorpion (Spider:1)
  An orc warlord (Orc:2)
  2 entropy weavers (Spider:1)
  Azrael (Orc:1)
  A spark wasp (Spider:2)
  Josephine (Orc:1)
  Harold (D:9)
  Erica (D:8)
  A hydra (D:8)
  A two-headed ogre (D:8)
  4 orc high priests (Orc:2)
  An unseen horror (D:11)
  3 orc knights
  The ghost of exaltech the Geomancer, a novice GrEE of Qazlal (D:8)
  5 orb spiders
  3 orc sorcerers
  2 ugly things
  2 oklob plants (D:11)
  7 wolf spiders
  Joseph (Lair:1)
  Psyche (D:8)
  A black mamba (Lair:1)
  2 spiny frogs (Lair:1)
  3 torpor snails (Lair:2)
  13 demonic crawlers
  2 komodo dragons
  16 jumping spiders
  3 trolls
  3 blink frogs (Lair:2)
  3 hippogriffs
  A vampire (D:11)
  4 wraiths (Orc:1)
  26 redbacks
  A spriggan (D:11)
  6 yaks (Lair:1)
  3 fire elementals (Orc:1)
  Grum (D:8)
  13 tarantellas
  A hungry ghost (D:7)
  Eustachio (D:4)
  2 wargs
  A water moccasin (D:10)
  5 hell hounds
  9 porcupines
  A black bear (D:7)
  3 ice beasts
  3 sky beasts
  37 orc warriors
  A phantom (D:5)
  8 wolves
  5 centaurs
  10 ogres
  4 crocodiles
  A big kobold (D:10)
  13 bullfrogs
  3 scorpions
  6 killer bees
  7 wights
  2 howler monkeys
  3 bullfrog zombies
  3 centaur zombies (Ossuary)
  A quasit (D:10)
  27 orc priests
  A gnoll shaman (D:6)
  4 hounds
  A jelly (D:5)
  3 iguanas
  23 orc wizards
  4 worker ants
  A killer bee zombie (D:10)
  3 big kobold zombies (Ossuary)
  2 hound zombies (D:5)
  5 mummies
  2 worker ant zombies
  A howler monkey skeleton (D:6)
  6 gnolls (D:6)
  6 adders
  3 shadow imps
  3 oozes
  An adder zombie (D:6)
  7 worms
  6 dart slugs
  3 leopard geckos
  77 orcs
  11 bats
  A giant cockroach (D:1)
  5 goblins
  8 hobgoblins
  4 jackals
  4 quokkas
  A ball python (D:1)
  5 frilled lizards
  A goblin zombie (D:7)
  3 hobgoblin zombies
  10 kobolds
  A leopard gecko skeleton (D:4)
  5 rats
  5 plants
526 creatures vanquished.

Vanquished Creatures (others)
  An orc (Orc:2)
1 creature vanquished.

Grand Total: 527 creatures vanquished

Notes
Turn   | Place    | Note
-------+----------+-------------------------------------------
     0 | D:1      | wajtan the Minotaur Fighter began the quest for the Orb.
     0 | D:1      | Reached XP level 1. HP: 19/19 MP: 0/0
    30 | D:1      | Reached XP level 2. HP: 27/27 MP: 1/1
   222 | D:1      | Reached skill level 3 in Axes
   251 | D:1      | Reached XP level 3. HP: 24/33 MP: 2/2
   679 | D:2      | Found a burning altar of Makhleb.
   679 | D:2      | Found a basalt altar of Yredelemnul.
   718 | D:2      | Found a glowing golden altar of the Shining One.
   748 | D:2      | Became a worshipper of the Shining One
  1371 | D:2      | Reached XP level 4. HP: 32/40 MP: 3/3
  1697 | D:3      | Found a glowing silver altar of Zin.
  2141 | D:4      | Reached skill level 4 in Axes
  2141 | D:4      | Reached XP level 5. HP: 42/46 MP: 4/4
  2335 | D:4      | Noticed Eustachio
  2358 | D:4      | Killed Eustachio
  2358 | D:4      | Reached skill level 5 in Axes
  2358 | D:4      | Reached skill level 5 in Armour
  2358 | D:4      | Reached skill level 1 in Dodging
  2358 | D:4      | Reached XP level 6. HP: 53/53 MP: 5/5
  3130 | D:5      | Entered Level 5 of the Dungeon
  3372 | D:5      | Reached skill level 6 in Axes
  3372 | D:5      | Reached skill level 5 in Shields
  3390 | D:5      | Reached XP level 7. HP: 44/60 MP: 4/6
  3589 | D:5      | Reached skill level 5 in Fighting
  3633 | D:5      | Found Fobeid's Jewellery Shop.
  3907 | D:5      | Reached * piety under the Shining One
  4031 | D:5      | Reached skill level 7 in Axes
  4108 | D:5      | Gained mutation: You are clumsy. (Dex -2) [potion of
                  | mutation]
  4108 | D:5      | Gained mutation: You have a pair of large horns on your
                  | head. [potion of mutation]
  4109 | D:5      | Lost mutation: You are clumsy. (Dex -2) [potion of
                  | mutation]
  4109 | D:5      | Lost mutation: You have a pair of large horns on your head.
                  | [potion of mutation]
  4109 | D:5      | Gained mutation: You are surrounded by a mild repulsion
                  | field. (EV +2) [potion of mutation]
  4109 | D:5      | Gained mutation: You are agile. (Dex +2) [potion of
                  | mutation]
  4109 | D:5      | Gained mutation: You possess an exceptional clarity of
                  | mind. [potion of mutation]
  4376 | D:6      | Reached skill level 8 in Axes
  4441 | D:6      | Reached XP level 8. HP: 68/69 MP: 7/7
  4735 | D:6      | Reached ** piety under the Shining One
  4780 | D:6      | Found a staircase to the Ecumenical Temple.
  4909 | D:6      | Lost mutation: You are agile. (Dex +2) [potion of mutation]
  4909 | D:6      | Lost mutation: You possess an exceptional clarity of mind.
                  | [potion of mutation]
  4909 | D:6      | Gained mutation: Your magical capacity is low. (-10% MP)
                  | [potion of mutation]
  4909 | D:6      | Gained mutation: You are partially covered in yellow
                  | scales. (AC +2) [potion of mutation]
  4909 | D:6      | Lost mutation: Your magical capacity is low. (-10% MP)
                  | [potion of mutation]
  4915 | D:7      | Found a blossoming altar of Fedhas.
  4942 | D:7      | Reached skill level 9 in Axes
  4980 | D:7      | Found a sand-covered staircase.
  4987 | Ossuary  | Entered an ossuary
  5029 | Ossuary  | Reached *** piety under the Shining One
  5076 | Ossuary  | Lost mutation: You are surrounded by a mild repulsion
                  | field. (EV +2) [potion of mutation]
  5076 | Ossuary  | Gained mutation: You expend magic power (3 MP) to
                  | strengthen your wands. [potion of mutation]
  5076 | Ossuary  | Gained mutation: Your natural rate of healing is unusually
                  | fast. [potion of mutation]
  5076 | Ossuary  | Gained mutation: You possess an exceptional clarity of
                  | mind. [potion of mutation]
  5077 | Ossuary  | Lost mutation: You are partially covered in yellow scales.
                  | (AC +2) [potion of mutation]
  5077 | Ossuary  | Lost mutation: You expend magic power (3 MP) to strengthen
                  | your wands. [potion of mutation]
  5077 | Ossuary  | Gained mutation: You are weak. (Str -2) [potion of
                  | mutation]
  5077 | Ossuary  | Gained mutation: You have very sharp teeth. [potion of
                  | mutation]
  5134 | D:7      | Reached skill level 10 in Axes
  5200 | D:7      | Reached XP level 9. HP: 78/78 MP: 8/8
  5794 | D:8      | Noticed Psyche
  5800 | D:8      | Killed Psyche
  5800 | D:8      | Reached skill level 11 in Axes
  5836 | D:8      | Noticed a two-headed ogre
  5869 | D:8      | Killed a two-headed ogre
  5871 | D:8      | Reached skill level 12 in Axes
  6082 | D:8      | Found a runed translucent gate.
  6083 | D:8      | Found a runed translucent gate.
  6083 | D:8      | Found a runed translucent gate.
  6085 | D:8      | Noticed exaltech's ghost (novice GrEE)
  6085 | D:8      | Noticed an 11-headed hydra
  6236 | D:8      | Noticed Erica
  6251 | D:8      | Killed Erica
  6251 | D:8      | Reached XP level 10. HP: 74/88 MP: 7/9
  6270 | D:8      | Noticed Grum
  6295 | D:8      | Killed Grum
  6331 | D:8      | Found a stormy altar of Qazlal.
  6396 | D:8      | Killed exaltech's ghost
  6544 | D:8      | Killed a 16-headed hydra
  6592 | D:8      | Got a transparent broad axe
  6605 | D:8      | Identified the +4 broad axe of Wealth {protect, rC+} (You
                  | found it on level 8 of the Dungeon)
  6695 | D:8      | Found a bloodstained altar of Trog.
  6869 | D:9      | Reached skill level 13 in Axes
  6945 | D:9      | Reached **** piety under the Shining One
  6946 | D:9      | Found a roughly hewn altar of Beogh.
  6946 | D:9      | Found a staircase to the Orcish Mines.
  6992 | D:9      | Found a snail-covered altar of Cheibriados.
  7168 | D:9      | Noticed a purple ugly thing
  7171 | D:9      | Noticed Harold
  7179 | D:9      | Killed a purple ugly thing
  7190 | D:9      | Killed Harold
  7190 | D:9      | Reached XP level 11. HP: 76/97 MP: 7/10
  7597 | Orc:1    | Entered Level 1 of the Orcish Mines
  7901 | D:9      | Reached skill level 14 in Axes
  8056 | Orc:1    | Found Exiudo's Armour Boutique.
  8083 | Orc:1    | Found a roughly hewn altar of Beogh.
  8189 | Orc:1    | Noticed Josephine
  8212 | Orc:1    | Killed Josephine
  8383 | Orc:1    | Reached skill level 10 in Fighting
  8651 | Orc:2    | Entered Level 2 of the Orcish Mines
  8651 | Orc:2    | Found a staircase to the Elven Halls.
  8719 | Orc:2    | Noticed Azrael
  8719 | Orc:2    | Reached ***** piety under the Shining One
  8780 | Orc:1    | Reached skill level 10 in Armour
  8944 | Orc:2    | Reached skill level 15 in Axes
  9125 | Orc:1    | Killed Azrael
  9125 | Orc:1    | Reached skill level 10 in Shields
  9473 | Orc:2    | Noticed an orc high priest
  9474 | Orc:2    | Noticed an orc sorcerer
  9475 | Orc:2    | Noticed an orc high priest
  9505 | Orc:2    | Noticed a sixfirhy
  9583 | Orc:1    | Killed an orc sorcerer
  9673 | Orc:2    | Noticed a soul eater
  9675 | Orc:2    | Noticed a soul eater
  9675 | Orc:2    | Reached XP level 12. HP: 108/108 MP: 11/11
  9800 | Orc:2    | Killed an orc high priest
  9814 | Orc:2    | Killed an orc high priest
  9830 | Orc:2    | Noticed an orc high priest
 10005 | Orc:2    | Killed an orc high priest
 10005 | Orc:2    | Reached skill level 16 in Axes
 10080 | Orc:2    | Noticed an orc high priest
 10216 | Orc:2    | Killed an orc high priest
 10442 | Orc:2    | Reached ****** piety under the Shining One
 10445 | Orc:2    | Found Cyeros's Antique Armour Emporium.
 10454 | Orc:2    | Found Nazxugg's General Store.
 10466 | Orc:2    | Found Agaykom's Jewellery Shoppe.
 10494 | Orc:2    | Found Yddarchy's Antique Weapon Emporium.
 10505 | Orc:2    | Bought the ring of Dawobbig {rC+ rN+ MR+ Str+2} for 613
                  | gold pieces
 10586 | Orc:2    | Noticed an orc warlord
 10602 | Orc:2    | Killed an orc warlord
 10690 | Orc:2    | Found a roughly hewn altar of Beogh.
 10714 | Orc:2    | Found Xupa's Jewellery Shop.
 11037 | Elf:1    | Entered Level 1 of the Elven Halls
 11135 | D:10     | Entered Level 10 of the Dungeon
 11166 | D:10     | Found Ufuppali's Food Shop.
 11492 | D:10     | Got a crystal fustibalus
 11659 | D:10     | Got a pitted cloak
 11751 | D:10     | Identified the cursed +0 cloak "Ecuod" {MR- Regen+ SInv}
                  | (You found it on level 10 of the Dungeon)
 11762 | D:10     | Identified a +9 hand axe of holy wrath (a +7 hand axe
                  | blessed by the Shining One)
 11762 | D:10     | Received a gift from the Shining One
 11775 | D:11     | Found a gate leading to a gauntlet.
 12146 | D:11     | Found a staircase to the Lair.
 12206 | D:11     | Reached skill level 17 in Axes
 13126 | Lair:1   | Entered Level 1 of the Lair of Beasts
 13199 | Lair:1   | Reached XP level 13. HP: 115/118 MP: 10/12
 13208 | Lair:1   | Noticed Joseph
 13226 | Lair:1   | Killed Joseph
 13689 | Lair:1   | Noticed Gastronok
 13705 | Lair:1   | Killed Gastronok
 13910 | Lair:2   | Found a hole to the Spider Nest.
 14274 | Lair:2   | Found a snail-covered altar of Cheibriados.
 14651 | Spider:1 | Entered Level 1 of the Spider Nest
 14903 | Spider:1 | Noticed an entropy weaver
 14914 | Spider:1 | Killed an entropy weaver
 15194 | Spider:1 | Noticed an entropy weaver
 15219 | Spider:1 | Killed an entropy weaver
 15219 | Spider:1 | Reached skill level 18 in Axes
 15413 | Spider:1 | Noticed an emperor scorpion
 15441 | Spider:1 | HP: 4/122 [emperor scorpion (6)]
 15482 | Spider:1 | Killed an emperor scorpion
 15482 | Spider:1 | Reached XP level 14. HP: 16/129 MP: 13/13
 15494 | Spider:1 | HP: 6/129 [poisoned by an emperor scorpion]
 17032 | Spider:3 | Noticed an entropy weaver
 17044 | Spider:3 | Slain by a redback

Skill      XL: |  1  2  3  4  5  6  7  8  9 10 11 12 13 14 |
---------------+-------------------------------------------+-----
Armour         | 4 5 6 8 9 10 11 12 13 | 13.4
Shields        | 4 5 6 7 9 10 11 13 | 13.7
Axes           | 3 4 5 6 8 10 12 13 15 17 18 | 18.1
Fighting       | 4 5 6 8 9 10 12 13 | 13.9
Dodging        | 1 |  1.1
Stealth        | |  0.1

Action                   |  1- 3 |  4- 6 |  7- 9 | 10-12 | 13-15 || total
-------------------------+-------+-------+-------+-------+-------++-------
Melee: War axe           |   102 |    99 |    55 |       |       ||   256
       Headbutt          |    16 |    13 |    52 |   148 |    98 ||   327
       Hand axe          |       |       |   202 |   171 |   459 ||   832
       Bite              |       |       |    11 |    87 |    73 ||   171
       Broad axe         |       |       |       |   517 |       ||   517
Invok: Brand Weapon With |       |       |       |     1 |       ||     1
  Use: Scroll            |       |       |    15 |     9 |     4 ||    28
       Potion            |       |       |     7 |     6 |     3 ||    16
  Eat: Chunk             |     2 |     4 |    12 |    19 |     7 ||    44
       Ration            |       |       |       |     1 |     1 ||     2
Armor: Scale mail        |    44 |    21 |    65 |    42 |       ||   172
       Plate armour      |       |       |       |   162 |   222 ||   384
Dodge: Dodged            |    24 |    44 |    97 |   158 |   181 ||   504
Block: Shield            |    36 |    52 |   106 |   331 |   298 ||   823
